 Dungeon Sprint DCSS version 0.19.0-2-gae57169 (webtiles) character file.

735 LORDOFBUTT the Imperceptible (level 7, -1/49 HPs)
             Began as a Spriggan Assassin on Nov 2, 2016.
             Was an Initiate of Dithmenos.
             Slain by a redback (17 damage)
             ... in the Dungeon (Sprint II: "The Violet Keep of Menkaure").
             The game lasted 00:01:37 (184 turns).

LORDOFBUTT the Imperceptible (Spriggan Assassin)     Turns: 184, Time: 00:01:38

Health: -1/49      AC:  3    Str: 12    XL:     7   Next: 45%
Magic:  8/8        EV: 17    Int: 13    God:    Dithmenos [......]
Gold:   729        SH:  0    Dex: 19    Spells: 0 memorised, 6 levels left

rFire  . . .     SeeInvis +     a - +2 dagger
rCold  . . .     Gourm    .     c - +0 robe
rNeg   . . .     Faith    .     (shield restricted)
rPois  .         Spirit   .     (helmet restricted)
rElec  .         Reflect  .     d - +0 cloak
rCorr  .         Harm     .     (gloves unavailable)
MR     +....     NoTele   +     (boots unavailable)
Stlth  ..........               (no amulet)
                                (no ring)
                                (no ring)

@: berserking, very quick
A: unfitting armour, see invisible, herbivore 3, speed 3, slow metabolism 2
a: Renounce Religion


You were in the Dungeon.
You worshipped Dithmenos.
Dithmenos was noncommittal.
You were not hungry.

You visited 1 branch You collected 729 gold pieces.

Inventory:

Hand Weapons
 a - a +2 dagger (weapon)
 b - a +0 blowgun
Missiles
 e - 8 poisoned needles
 f - 2 curare-tipped needles
Armour
 c - a +0 robe (worn)
 d - a +0 cloak (worn)
Scrolls
 m - a scroll of blinking
Potions
 h - a potion of curing
 i - a potion of heal wounds
 j - a potion of haste
 k - 2 potions of magic
Comestibles
 g - a bread ration


   Skills:
 - Level 1.5 Fighting
 - Level 2.1 Short Blades
 - Level 2.0 Throwing
 - Level 1.5 Dodging
 + Level 22.6 Stealth


You had 6 spell levels left.
You didn't know any spells.

Dungeon Overview and Level Annotations

Branches:
Dungeon (1/1)

Altars:
Cheibriados
Dithmenos
Elyvilon
Fedhas
Gozag
Hepliaklqana
Kikubaaqudgha
Makhleb
Nemelex Xobeh
Okawaru
Qazlal
Ru
Sif Muna
Trog
Uskayaw
Vehumet
Xom
Yredelemnul
Zin
The Shining One
Beogh
Jiyva
Lugonu

Shops:
D =![%(!=??}[:

Annotations:
D Roxanne


Innate Abilities, Weirdness & Mutations

You are very small and have problems with some larger weapons.
You are too small for most types of armour.
You have supernaturally acute eyesight. (SInv)
You are a herbivore.
You cover ground extremely quickly.
You need consume almost no food.


Message History

Dithmenos accepts your kill.
Your Stealth skill increases to level 22!
The redback misses you.
You see here 81 gold pieces.
You hit the redback.
The redback is lightly wounded.
The redback bites you but does no damage.
You closely miss the redback.
The redback is lightly wounded.
The redback bites you! The redback barely misses you.
A red film seems to cover your vision as you go berserk!
You feel yourself moving faster!
You feel mighty! The redback completely misses you.
You closely miss the redback.
The redback is lightly wounded.
The redback bites you!
You hit the redback.
The redback is lightly wounded.
The redback bites you!
You die...

#§§§§§§≈§≈ ...## ## ≈§§≈≈ ....
≈#+++#+++## ... ≈.........# ..
≈≈.##+##..# #. ≈≈##. w##.####
+.### ≈≈#w. ..#....# #^..# ###
.#$ ###..#####.^# #▓)$$!(($) #†#
#+###†##..#s@'..# #▓?!$$![)%
.†###.##.#.#..#(†#..# #▓%([$?[[?
##.'.<.'###'..####..####▓%($?$?%$
.†###.##.#.#....###...##▓▓▓▓▓▓▓+▓
#†# #'###.##......≈≈≈≈≈≈≈≈≈≈≈≈≈..
#####..####≈≈§..§.≈#'########+###
≈≈#†##.†#≈≈§≈≈§≈..≈#..._._._#t§≈#
#≈##.#.##≈§§≈≈§≈≈.≈#.._._._.#t§§≈
#≈≈##+##≈≈§§≈§§≈§≈§#._._._._#≈≈§≈


You could see a redback.

Vanquished Creatures
  2 hippogriffs (D)
  A redback (D)
  Menkaure (D)
  4 worker ants (D)
  3 worms (D)
11 creatures vanquished.

Vanquished Creatures (others)
  A crocodile (D)
1 creature vanquished.

Grand Total: 12 creatures vanquished

Notes
Turn   | Place    | Note
-------+----------+-------------------------------------------
     0 | D        | LORDOFBUTT the Spriggan Assassin began the quest for the Orb.
     0 | D        | Reached XP level 1. HP: 10/10 MP: 2/2
     4 | D        | Reached skill level 7 in Stealth
     5 | D        | Reached skill level 8 in Stealth
     8 | D        | Noticed a flying skull
    11 | D        | Noticed a flying skull
    12 | D        | Noticed a flying skull
    12 | D        | Noticed a flying skull
    12 | D        | Noticed a flying skull
    12 | D        | Noticed a flying skull
    12 | D        | Noticed a flying skull
    12 | D        | Noticed a flying skull
    13 | D        | Reached skill level 9 in Stealth
    13 | D        | Reached XP level 2. HP: 14/14 MP: 3/3
    14 | D        | Noticed a flying skull
    17 | D        | Noticed a flying skull
    17 | D        | Noticed a flying skull
    32 | D        | Reached skill level 11 in Stealth
    32 | D        | Reached XP level 3. HP: 18/18 MP: 4/4
    33 | D        | Reached skill level 12 in Stealth
    35 | D        | Reached skill level 13 in Stealth
    35 | D        | Reached XP level 4. HP: 22/22 MP: 5/5
    38 | D        | Reached skill level 14 in Stealth
    45 | D        | Noticed a hippogriff
    45 | D        | Noticed a hippogriff
    48 | D        | Killed a hippogriff
    48 | D        | Reached skill level 18 in Stealth
    48 | D        | Reached XP level 5. HP: 25/25 MP: 6/6
    48 | D        | Reached XP level 6. HP: 30/30 MP: 7/7
    51 | D        | Killed a hippogriff
    51 | D        | Reached skill level 20 in Stealth
    56 | D        | Noticed a tyrant leech
    56 | D        | Noticed a tyrant leech
    83 | D        | Noticed Menkaure
    85 | D        | Noticed Roxanne
    89 | D        | Killed Menkaure
    89 | D        | Reached skill level 21 in Stealth
    89 | D        | Reached XP level 7. HP: 33/33 MP: 8/8
    91 | D        | Found Caufer's Antique Armour Shoppe.
    91 | D        | Found Vomil's Book Emporium.
    92 | D        | Found Bedaoqo's Magic Scroll Shoppe.
    92 | D        | Found Uzaolisk's Magic Scroll Emporium.
    92 | D        | Found Mipium's Gadget Emporium.
    93 | D        | Found Kiloaxt's Distillery.
    93 | D        | Found Lirrican's Antique Weapon Emporium.
    93 | D        | Found Arull's Jewellery Emporium.
    93 | D        | Found Legaqewk's Food Shoppe.
    94 | D        | Found Ranotodd's Distillery.
    94 | D        | Found Odiapt's Antique Armour Emporium.
    94 | D        | Found Mualac's Jewellery Shoppe.
    94 | D        | Noticed an ice dragon
   100 | D        | Noticed a flying skull
   115 | D        | Found a shimmering altar of Xom.
   116 | D        | Found a basalt altar of Yredelemnul.
   116 | D        | Found a sacrificial altar of Ru.
   117 | D        | Found a glowing silver altar of Zin.
   117 | D        | Found a deep blue altar of Sif Muna.
   118 | D        | Found a stormy altar of Qazlal.
   118 | D        | Found a viscous altar of Jiyva.
   119 | D        | Found a glowing golden altar of the Shining One.
   119 | D        | Found a bloodstained altar of Trog.
   119 | D        | Found an ancient bone altar of Kikubaaqudgha.
   120 | D        | Found a hide-covered altar of Uskayaw.
   120 | D        | Found a corrupted altar of Lugonu.
   120 | D        | Found a shadowy altar of Dithmenos.
   121 | D        | Found a radiant altar of Vehumet.
   121 | D        | Found a burning altar of Makhleb.
   121 | D        | Found a white marble altar of Elyvilon.
   122 | D        | Found a sparkling altar of Nemelex Xobeh.
   122 | D        | Found a blossoming altar of Fedhas.
   123 | D        | Found an iron altar of Okawaru.
   123 | D        | Found an opulent altar of Gozag.
   125 | D        | Found a hazy altar of Hepliaklqana.
   125 | D        | Found a snail-covered altar of Cheibriados.
   126 | D        | Found a roughly hewn altar of Beogh.
   152 | D        | Became a worshipper of Dithmenos the Shadowed
   176 | D        | Noticed a redback
   176 | D        | Noticed a redback
   178 | D        | Killed a redback
   178 | D        | Reached skill level 22 in Stealth
   184 | D        | Slain by a redback

Skill      XL: |  1  2  3  4  5  6  7 |
---------------+----------------------+-----
Stealth        | 9 11 13 18 21 22 | 22.6
Fighting       | |  1.5
Short Blades   | |  2.1
Throwing       | |  2.0
Dodging        | |  1.5

Action                   |  1- 3 |  4- 6 |  7- 9 || total
-------------------------+-------+-------+-------++-------
Melee: Dagger            |     6 |     4 |     5 ||    15
  Use: Potion            |       |       |     1 ||     1
 Stab: Sleeping          |     6 |     4 |     1 ||    11
Armor: Robe              |       |       |     1 ||     1
Dodge: Dodged            |       |       |     3 ||     3
